 Dungeon Crawl Stone Soup version 0.23-a0-295-g2e428d4 (webtiles) character file.

65825 iamserjio the Spry (level 14, 63/63 HPs)
             Began as a Felid Conjurer on Oct 4, 2018.
             Was the Champion of Ashenzari.
             Quit the game on level 2 of the Snake Pit.
             The game lasted 03:22:13 (53009 turns).

iamserjio the Spry (Felid Conjurer)                Turns: 53009, Time: 03:22:15

Health: 63/63      AC:  3    Str:  4    XL:     14   Next: 76%
Magic:  30/31      EV: 36    Int: 28    God:    Ashenzari [******]
Gold:   1518       SH:  0    Dex: 19    Spells: 0/37 levels left
                                        Lives:  0   Deaths: 3

rFire    . . .     SeeInvis +     - Unarmed
rCold    + . .     Gourm    .   (shield unavailable)
rNeg     + + .     Faith    .   (armour unavailable)
rPois    +         Spirit   .   (helmet unavailable)
rElec    .         Reflect  .   (cloak unavailable)
rCorr    .         Harm     .   (gloves unavailable)
MR       ++...     Clarity  +   (boots unavailable)
Stlth    +++++++++.             g - amulet of magic regeneration (curse)
HPRegen  0.20/turn              y - ring of Arrival {rPois rN+ Int+7} (curse)
MPRegen  0.47/turn              e - ring of Harmony {rPois rN+ Stlth+} (curse)

@: quick
A: very small, no armour, no weapons or thrown items, stealth, claws 1, fangs 3,
see invisible, berserk 1, carnivore, speed 1, shaggy fur 3, slow metabolism 1,
sharp paws
a: Curse Item, Scrying, Transfer Knowledge, Renounce Religion


You were on level 2 of the Snake Pit.
You worshipped Ashenzari.
Ashenzari was exalted by your worship.
You were not hungry.

You visited 5 branches of the dungeon, and saw 27 of its levels.
You also visited: Labyrinth, Trove and Bailey.

You collected 3316 gold pieces.
You spent 1798 gold pieces at shops.

Inventory:

Missiles
 a - 753 arrows
Jewellery
 e - the cursed ring of Harmony (right paw) {rPois rN+ Stlth+}
   (You found it in a treasure trove)

   [ring of stealth]

   It protects you from poison.
   It protects you from negative energy.
   It makes you more stealthy.
   It has a curse placed upon it.
 g - a cursed amulet of magic regeneration (around neck)
 p - an uncursed ring of fire
 w - an uncursed ring of wizardry
 x - an uncursed amulet of regeneration
 y - the cursed ring of Arrival (left paw) {rPois rN+ Int+7}
   (You acquired it on level 1 of the Orcish Mines)

   [ring of poison resistance]

   It affects your intelligence (+7).
   It protects you from poison.
   It protects you from negative energy.
   It has a curse placed upon it.
 C - a cursed +4 amulet of reflection
 I - an uncursed ring of protection from magic
 J - an uncursed ring of magical power
 K - an uncursed ring of ice
Wands
 c - a wand of digging (36)
 d - a wand of clouds (2)
 f - a wand of polymorph (32)
 M - a wand of flame (47)
Scrolls
 h - 13 scrolls of teleportation
 i - 7 scrolls of identify {@r1}
 j - 2 scrolls of blinking
 l - 5 scrolls of fog
 m - 2 scrolls of vulnerability
 n - 9 scrolls of magic mapping
 q - 10 scrolls of remove curse {@r2}
 u - 2 scrolls of fear
 z - a scroll of amnesia
 R - 2 scrolls of holy word
 S - a scroll of immolation
Potions
 k - 4 potions of mutation
 o - 6 potions of brilliance
 r - 3 potions of invisibility
 s - 3 potions of ambrosia
 t - 4 potions of magic
 v - 4 potions of haste
 A - 7 potions of curing {@q1}
 B - 3 potions of might
 D - a potion of resistance
 E - 5 potions of cancellation
 F - 4 potions of lignification
 G - a potion of flight
 L - 2 potions of heal wounds
 Q - 2 potions of agility
Miscellaneous
 H - a phial of floods (inert)
 O - a phantom mirror
Comestibles
 b - 55 rations


   Skills:
 - Level 8.0 Fighting
 * Level 19.7 Dodging
 - Level 18.5 Stealth
 - Level 11.0 Unarmed Combat
 - Level 12.0 Spellcasting
 - Level 5.0(9.4) Conjurations
 - Level 13.9(18.0) Hexes
 - Level 2.6(6.2) Summonings
 - Level 1.0(3.5) Translocations
 - Level 1.3(4.1) Air Magic
 - Level 1.5(4.5) Evocations


You couldn't memorise any spells.
You knew the following spells:

 Your Spells              Type           Power        Failure   Level  Hunger
a - Discord               Hex            #######...   13%         8    #######
b - Dazzling Spray        Conj/Hex       ######       1%          3    None
c - Summon Lightning Spi  Summ/Air       #####...     3%          4    None
d - Fulminant Prism       Conj/Hex       #######...   1%          4    None
e - Cause Fear            Hex            #######...   1%          4    None
f - Yara's Violent Unrav  Hex/Tmut       ######....   1%          5    ###....
g - Silence               Hex/Air        ######....   1%          5    ###....
h - Slow                  Hex            #######.     0%          2    None
i - Blink                 Tloc           N/A          1%          2    None
j - Animate Skeleton      Necr           N/A          2%          1    None

Your spell library contained the following spells:

 Spells                   Type           Power        Failure   Level  Hunger
 Confusing Touch          Hex            ######       0%          1    None
 Corona                   Hex            #######      0%          1    None
 Apportation              Tloc           #####.       1%          1    None
 Flame Tongue             Conj/Fire      #####        1%          1    None
 Magic Dart               Conj           ####         1%          1    None
 Shock                    Conj/Air       ####         1%          1    None
 Summon Small Mammal      Summ           ####         1%          1    None
 Call Imp                 Summ           ######..     1%          2    None
 Searing Ray              Conj           ######       1%          2    None
 Swiftness                Chrm/Air       ####....     1%          2    None
 Throw Flame              Conj/Fire      #####.       1%          2    None
 Call Canine Familiar     Summ           ######..     1%          3    None
 Conjure Flame            Conj/Fire      #####...     1%          3    None
 Inner Flame              Hex/Fire       ######..     1%          3    None
 Mephitic Cloud           Conj/Pois/Air  #####...     1%          3    None
 Static Discharge         Conj/Air       ######..     1%          3    None
 Summon Guardian Golem    Hex/Summ       ######..     1%          3    None
 Iskenderun's Mystic Bla  Conj           ######..     1%          4    None
 Leda's Liquefaction      Hex/Erth       ######....   1%          4    None
 Metabolic Englaciation   Hex/Ice        ######....   1%          5    ###....
 Freeze                   Ice            ###.         2%          1    None
 Force Lance              Conj/Tloc      ######..     2%          4    None
 Sticky Flame             Conj/Fire      #####...     4%          4    None
 Throw Icicle             Conj/Ice       #####...     4%          4    None
 Lightning Bolt           Conj/Air       ######....   5%          5    ###....
 Airstrike                Air            #####.....   6%          4    None
 Ozocubu's Armour         Chrm/Ice       ###.....     8%          3    None
 Summon Ice Beast         Ice/Summ       #####...     8%          4    None
 Fireball                 Conj/Fire      #####.....   12%         5    ###....
 Deflect Missiles         Chrm/Air       ####......   88%         6    #####..
 Ozocubu's Refrigeration  Ice            ###.......   98%         6    #####..
 Ignition                 Fire           ###.......   100%        8    #######
 Shatter                  Erth           ###.......   100%        9    #######
 Tornado                  Air            #####.....   100%        9    #######
 Portal Projectile        Hex/Tloc       Unusable     N/A         3    N/A

Dungeon Overview and Level Annotations

Branches:
Dungeon (15/15)            Temple (0/1) D:7            Lair (6/6) D:9
 Shoals (0/4) Lair:3        Snake (2/4) Lair:3        Slime (0/5) Lair:5
    Orc (2/2) D:9             Elf (2/3) Orc:2        Vaults (0/5) D:13
 Depths (0/5) D:15

Altars:
Ashenzari
Elyvilon
Gozag
Makhleb
Nemelex Xobeh
Okawaru
Qazlal
Ru
Sif Muna
Vehumet
Jiyva

Shops:
D:6 *   D:8 !   D:9 %   D:10 %   Orc:1 :   Orc:2 *%*(   Elf:2 **

Annotations:
Lair:3 1 runed door, Plog's ghost, journeyman MiBe
Lair:4 exclusion: ice statue
Lair:5 1 runed door, chorionicmirror's ghost, journeyman MiFi
Lair:6 exclusion: door
Snake:1 2 transporters, Fihig's ghost, adept DEFE
Snake:2 Asterion
Elf:2 6 runed doors, exclusion: obsidian statue, CasualChangeling's ghost, adept KoBe


Innate Abilities, Weirdness & Mutations

You cannot wear armour.
You are incapable of wielding weapons or throwing items.
Your paws allow you to move quietly. (Stealth)
You have sharp claws.
You have razor-sharp teeth.
You have supernaturally acute eyesight. (SInv)
You are carnivorous and can eat meat at any time.
You cover ground quickly.
Your thick and shaggy fur keeps you warm. (AC +3, rC+)
You have a slow metabolism.
Your sharp claws are effective at attacking unaware monsters.
You tend to lose your temper in combat.


Message History

b - 54 rations (gained 1)
b - 55 rations (gained 1) Asterion appears out of thin air!
Asterion the Fallen King comes into view.
Ashenzari warns you: He is wielding a demon whip of venom.
Your lightning spire shoots out a bolt of lightning at Asterion!
The bolt of electricity hits Asterion.
Casting: Dazzling Spray (safe; 1% risk of failure)
Aiming: Dazzling Spray (safe; 1% risk of failure)
Aim: Asterion, wielding a demon whip of venom, wearing a leather armour and Asterion blocks the spray of energy.
The spray of energy hits the fungus.
The spray of energy hits the plant.
Asterion mumbles some strange prayers to Makhleb.
Your lightning spire shoots out a bolt of lightning at Asterion!
The bolt of electricity hits Asterion.
Your lightning spire shoots out a bolt of lightning at Asterion!
The bolt of electricity hits Asterion.
The cacodemon gestures at you.
Strange energies course through your body.
You feel a little pissed off.

#.# ######.###
###........# *
##..........###.,
#...............
#......P....#****
##...P.......#
#...2H...8.###
#@.......#..<#
#.#.....##.#.#
#.##.#####.#^#
#...... ....#
##############


You could see Asterion and a cacodemon.

Vanquished Creatures
  A nagaraja (Snake:1)
  A caustic shrike skeleton (D:15)
  A dire elephant (Lair:6)
  Snorg (Orc:2)
  Fannar (D:12)
  9 hydras
  A centaur warrior (D:15)
  An anaconda (Snake:1)
  An ogre mage (D:15)
  13 two-headed ogres
  10 dancing weapons
  9 death yaks
  Urug (D:13)
  5 naga sharpshooters (Snake:1)
  Sonja (Lair:6)
  3 skeletal warriors
  An iron troll (D:13)
  7 deep elf knights
  2 unseen horrors
  A flayed ghost (D:15)
  A naga ritualist (Snake:1)
  3 wizards
  A necromancer (D:15)
  7 deep elf archers
  31 deep elf magi
  11 ugly things
  2 mana vipers
  9 orc knights
  A salamander (Snake:1)
  3 orc sorcerers
  6 cyclopes
  4 manticores
  Joseph (Lair:1)
  3 elephants (Lair:3)
  An iron dragon skeleton (D:15)
  17 black mambas
  2 naga magi
  An orange demon (Lair:6)
  A gargoyle (Lab)
  3 centaur zombies
  A spriggan zombie (D:15)
  Psyche (D:12)
  6 spiny frogs
  3 rime drakes (Lair:6)
  8 komodo dragons
  A yaktaur (shapeshifter) (D:15)
  2 ice devils (Lair:6)
  A tengu conjurer (D:13)
  8 trolls
  2 red devils (Lair:6)
  3 meliai (D:12)
  A meliai zombie (D:12)
  A hornet (D:11)
  4 slime creatures (D:14)
  A blink frog (Lair:6)
  A dream sheep (Lair:6)
  7 hippogriffs
  An air elemental (Elf:1)
  A redback (Lab)
  5 water elementals
  2 shadows
  2 wyverns
  6 spriggans
  A vampire (D:13)
  34 yaks
  5 basilisks
  A wraith (D:14)
  4 hungry ghosts
  8 vampire mosquitoes
  A tengu zombie (D:15)
  3 wargs (Orc:2)
  4 nagas (Snake:1)
  2 acid dragons
  19 water moccasins
  A floating eye (Snake:1)
  3 hell hounds (Lair:6)
  10 porcupines
  4 ice beasts
  29 orc warriors
  3 phantoms
  3 black bears
  A necrophage (D:6)
  3 sky beasts
  6 wolves (Lair:4)
  12 ogres
  19 centaurs
  9 crocodiles
  5 big kobolds
  12 bullfrogs
  3 gnoll sergeants
  7 earth elementals
  6 scorpions
  A wyvern skeleton (D:12)
  13 killer bees
  A spriggan skeleton (Lab)
  4 wights (D:14)
  An electric eel (D:14)
  5 crimson imps
  2 bullfrog zombies (D:12)
  6 hounds
  4 jellies
  11 orc priests
  4 gnoll shamans (D:3)
  4 bullfrog skeletons
  6 centaur skeletons
  8 iguanas
  11 worker ants
  20 orc wizards
  4 hell rats
  A hound zombie (D:8)
  A hound skeleton (D:6)
  A howler monkey zombie (D:10)
  Robin (D:2)
  20 adders
  65 gnolls
  2 shadow imps
  An ooze (D:1)
  4 worms
  4 dart slugs
  2 leopard geckos
  66 orcs
  2 ball pythons
  5 giant cockroaches
  24 goblins
  18 hobgoblins
  25 jackals
  3 quokkas
  6 bats
  7 frilled lizards
  32 kobolds
  3 quokka skeletons
  9 rats
  6 fungi
  7 plants
  A withered plant (D:15)
885 creatures vanquished.

Vanquished Creatures (collateral kills)
  A stone giant (Orc:2)
  A naga warrior (Snake:1)
  2 anacondas (Snake:1)
  A deep elf knight (Elf:1)
  2 deep elf archers
  2 mana vipers (Snake:1)
  8 deep elf magi
  A naga mage (Snake:1)
  A water nymph (shapeshifter) (Elf:1)
  2 black mambas
  A redback (Lair:3)
  2 nagas (Snake:1)
  2 orc warriors (Orc:2)
  An orc (Orc:2)
  A fulminant prism (Orc:2)
28 creatures vanquished.

Vanquished Creatures (others)
  A deep elf knight (Elf:1)
  An orc wizard (Orc:2)
  An orc (Orc:2)
  A bush (Lair:6)
  350 fulminant prisms
  13 fungi
  27 plants
  4 withered plants
398 creatures vanquished.

Grand Total: 1311 creatures vanquished

Notes
Turn   | Place    | Note
-------+----------+-------------------------------------------
     0 | D:1      | iamserjio the Felid Conjurer began the quest for the Orb.
     0 | D:1      | Reached XP level 1. HP: 7/7 MP: 4/4
   141 | D:1      | Reached skill level 3 in Dodging
   141 | D:1      | Reached XP level 2. HP: 11/11 MP: 0/6
   713 | D:1      | Reached XP level 3. HP: 14/14 MP: 0/7
   965 | D:1      | Reached skill level 4 in Dodging
  1149 | D:1      | Learned a level 3 spell: Dazzling Spray
  1780 | D:2      | Reached skill level 1 in Hexes
  2168 | D:2      | Learned a level 2 spell: Searing Ray
  2181 | D:2      | Reached XP level 4. HP: 18/18 MP: 0/8
  2267 | D:2      | Found a radiant altar of Vehumet.
  2475 | D:2      | Noticed Robin
  2941 | D:2      | Killed Robin
  3182 | D:2      | Reached XP level 5. HP: 17/21 MP: 2/9
  3724 | D:3      | Found an iron altar of Okawaru.
  3873 | D:3      | Reached skill level 5 in Dodging
  3895 | D:3      | Found a white marble altar of Elyvilon.
  4046 | D:3      | Reached skill level 1 in Unarmed Combat
  4412 | D:3      | Gained mutation: You are covered in thick fur. (AC +2)
                  | [Felid growth]
  4412 | D:3      | Reached XP level 6. HP: 9/24 MP: 1/10
  5427 | D:3      | Reached skill level 5 in Conjurations
  6079 | D:3      | Reached XP level 7. HP: 19/27 MP: 4/12
  6092 | D:3      | Reached skill level 6 in Dodging
  6825 | D:3      | Slain by a gnoll
  6826 | D:3      | Reached XP level 6. HP: -4/24 MP: 0/11
  7079 | D:3      | Reached skill level 5 in Hexes
  7484 | D:3      | Reached XP level 7. HP: 14/27 MP: 0/12
  7954 | D:3      | Reached skill level 5 in Stealth
  8288 | D:3      | Reached skill level 7 in Dodging
  8958 | D:3      | Learned a level 4 spell: Fulminant Prism
  9371 | D:4      | Found a shattered altar of Ashenzari.
  9402 | D:4      | Became a worshipper of Ashenzari the Shackled
 10008 | D:4      | Reached XP level 8. HP: 13/31 MP: 0/13
 10208 | D:4      | Found an opulent altar of Gozag.
 10398 | D:4      | Found an iron altar of Okawaru.
 10548 | D:5      | Entered Level 5 of the Dungeon
 10986 | D:5      | Found a sparkling altar of Nemelex Xobeh.
 11175 | D:5      | Reached skill level 8 in Dodging
 11394 | D:6      | Found Cawy's Assorted Antiques.
 11401 | D:6      | Bought a scroll of remove curse for 63 gold pieces
 11401 | D:6      | Bought a scroll labeled ANKAYM TUGOAM for 21 gold pieces
 11401 | D:6      | Bought a scroll labeled ROS QEERYNWAIC for 21 gold pieces
 11401 | D:6      | Bought a scroll labeled GUKHLU GIQIFONUSU for 21 gold
                  | pieces
 11401 | D:6      | Bought a wand of disintegration (17) for 84 gold pieces
 11407 | D:6      | Found a sacrificial altar of Ru.
 12107 | D:6      | Reached * piety under Ashenzari
 12172 | D:6      | Found a burning altar of Makhleb.
 13006 | D:7      | Noticed a hippogriff
 13012 | D:7      | Reached XP level 9. HP: 32/32 MP: 12/16
 13042 | D:7      | Reached skill level 9 in Dodging
 13273 | D:7      | Learned a level 4 spell: Cause Fear
 13975 | D:7      | Reached ** piety under Ashenzari
 14014 | D:7      | Found a staircase to the Ecumenical Temple.
 14118 | D:8      | Noticed a two-headed ogre
 14164 | D:8      | Found a flagged portal.
 14193 | Bailey   | Entered a bailey
 14445 | Bailey   | Noticed an orc knight
 14489 | Bailey   | Noticed an orc knight
 14497 | Bailey   | Killed an orc knight
 14497 | Bailey   | Reached skill level 10 in Stealth
 14497 | Bailey   | Reached skill level 1 in Evocations
 14584 | Bailey   | Killed an orc knight
 14622 | Bailey   | Noticed an orc knight
 14632 | Bailey   | Killed an orc knight
 14632 | Bailey   | Reached skill level 10 in Dodging
 14632 | Bailey   | Reached XP level 10. HP: 9/35 MP: 14/18
 14889 | Bailey   | Found a burning altar of Makhleb.
 14895 | Bailey   | Identified the Collected Works on Ice
 15002 | D:8      | Reached skill level 5 in Spellcasting
 15239 | D:8      | Found Xiatril's Distillery.
 15242 | D:8      | Noticed a two-headed ogre
 15283 | D:8      | Reached skill level 10 in Hexes
 15285 | D:8      | Killed a two-headed ogre
 15390 | D:8      | Killed a two-headed ogre
 15777 | D:8      | Bought a potion of might for 44 gold pieces
 15777 | D:8      | Bought a potion of heal wounds for 55 gold pieces
 15777 | D:8      | Bought a potion of resistance for 110 gold pieces
 15777 | D:8      | Bought a potion of cancellation for 88 gold pieces
 15777 | D:8      | Bought 2 potions of lignification for 66 gold pieces
 15777 | D:8      | Bought a potion of resistance for 110 gold pieces
 16058 | D:8      | Learned a level 5 spell: Yara's Violent Unravelling
 16098 | D:8      | Found a deep blue altar of Sif Muna.
 16743 | D:9      | Reached *** piety under Ashenzari
 16767 | D:9      | Noticed a two-headed ogre
 16784 | D:9      | Killed a two-headed ogre
 16784 | D:9      | Reached skill level 11 in Dodging
 16823 | D:9      | Found a staircase to the Orcish Mines.
 16957 | D:9      | Found a staircase to the Lair.
 16996 | D:9      | Reached XP level 11. HP: 38/38 MP: 15/21
 17051 | D:9      | Found Soma Ops's Food Boutique.
 17404 | D:9      | Found a stormy altar of Qazlal.
 17714 | D:10     | Entered Level 10 of the Dungeon
 17714 | D:10     | Noticed a two-headed ogre
 17720 | D:10     | Killed a two-headed ogre
 17759 | D:9      | Reached skill level 1 in Fighting
 18276 | D:10     | Noticed a two-headed ogre
 18300 | D:10     | Killed a two-headed ogre
 18497 | D:10     | Found Yhau's Food Shoppe.
 18675 | D:10     | Reached **** piety under Ashenzari
 18847 | Lair:1   | Entered Level 1 of the Lair of Beasts
 18847 | Lair:1   | Noticed a six-headed hydra
 18850 | Lair:1   | Reached skill level 12 in Dodging
 19098 | Lair:1   | Noticed Joseph
 20327 | Lair:1   | Killed a six-headed hydra
 20327 | Lair:1   | Reached skill level 5 in Unarmed Combat
 20354 | Lair:1   | Killed Joseph
 20783 | Lair:1   | Learned a level 5 spell: Metabolic Englaciation
 21367 | Lair:2   | Reached skill level 13 in Dodging
 21959 | Lair:2   | Gained mutation: Your thick and shaggy fur keeps you warm.
                  | (AC +3, rC+) [Felid growth]
 21959 | Lair:2   | Reached XP level 12. HP: 47/47 MP: 23/23
 22168 | Lair:2   | Found the +8 whip "Snakebite" {curare, rPois}
 22334 | Lair:3   | Reached ***** piety under Ashenzari
 22357 | Lair:3   | Found a stormy altar of Qazlal.
 22607 | Lair:3   | Found a runed door.
 22607 | Lair:3   | Noticed Plog's ghost (journeyman MiBe)
 22627 | Lair:3   | Found a staircase to the Shoals.
 23451 | Lair:3   | Found a staircase to the Snake Pit.
 23668 | Lair:3   | Reached skill level 14 in Dodging
 23736 | Lair:4   | Found a labyrinth entrance.
 23766 | Lab      | Entered a labyrinth
 23970 | Lab      | Reached skill level 5 in Fighting
 24015 | Lab      | Noticed a minotaur
 24401 | Lair:4   | Noticed a death yak
 24404 | Lair:4   | Noticed a death yak
 24405 | Lair:4   | Noticed a death yak
 24430 | Lair:4   | Killed a death yak
 24886 | Lair:4   | Reached skill level 15 in Stealth
 24934 | Lair:4   | Killed a death yak
 25041 | Lair:4   | Killed a death yak
 26022 | Lair:5   | Noticed a five-headed hydra
 26056 | Lair:5   | Reached XP level 13. HP: 33/53 MP: 8/24
 26202 | Lair:5   | Found a viscous altar of Jiyva.
 26202 | Lair:5   | Found a staircase to the Slime Pits.
 26358 | Lair:5   | Found a runed door.
 26359 | Lair:5   | Noticed chorionicmirror's ghost (journeyman MiFi)
 26542 | Lair:6   | Entered Level 6 of the Lair of Beasts
 26657 | Lair:6   | Noticed Sonja
 27625 | Lair:5   | Reached skill level 15 in Dodging
 28541 | Lair:6   | Killed Sonja
 28967 | Lair:6   | Reached ****** piety under Ashenzari
 29481 | Lair:6   | Noticed a dire elephant
 29876 | Lair:6   | Learned a level 2 spell: Slow
 29879 | Lair:6   | Learned a level 2 spell: Blink
 30095 | Lair:6   | Killed a dire elephant
 30095 | Lair:6   | Reached skill level 1 in Translocations
 31346 | D:11     | Reached XP level 14. HP: 63/63 MP: 10/27
 31556 | D:11     | HP: 1/63 [manticore (10)]
 32725 | D:12     | Reached skill level 16 in Dodging
 33185 | D:12     | Noticed Fannar
 33205 | D:12     | Killed Fannar
 33516 | D:12     | Noticed Psyche
 33525 | D:12     | Killed Psyche
 34730 | D:13     | Noticed Urug
 34737 | D:13     | Killed Urug
 35702 | D:13     | Found a gate to the Vaults.
 36572 | D:14     | Reached skill level 10 in Spellcasting
 37855 | D:14     | Identified a scroll of acquirement
 37857 | D:15     | Entered Level 15 of the Dungeon
 37871 | D:15     | Found a staircase to the Depths.
 37900 | D:15     | Reached XP level 15. HP: 66/66 MP: 30/30
 39720 | D:15     | Reached skill level 17 in Dodging
 40789 | D:12     | Learned a level 8 spell: Discord
 40915 | Orc:1    | Entered Level 1 of the Orcish Mines
 41262 | Orc:2    | Entered Level 2 of the Orcish Mines
 41383 | Orc:2    | Noticed Snorg
 41443 | Orc:2    | Killed Snorg
 42102 | Orc:2    | Found a staircase to the Elven Halls.
 43823 | Orc:2    | Found Catz's General Store.
 43823 | Orc:2    | Found Tauf's Food Shop.
 43825 | Orc:2    | Found Kunt's General Store.
 43827 | Orc:2    | Found Fyfirutz's Weapon Emporium.
 43834 | Orc:2    | Bought a scroll of holy word for 97 gold pieces
 43834 | Orc:2    | Bought a potion of mutation for 104 gold pieces
 43839 | Orc:2    | Bought a scroll of immolation for 49 gold pieces
 43839 | Orc:2    | Bought a potion of heal wounds for 70 gold pieces
 44472 | Orc:1    | Found Doroeniyll's Book Boutique.
 44481 | Orc:1    | Bought a book of Cantrips for 300 gold pieces
 44481 | Orc:1    | Bought a book of Callings for 450 gold pieces
 44486 | Orc:1    | Learned a level 4 spell: Summon Lightning Spire
 44488 | Orc:1    | Learned a level 1 spell: Animate Skeleton
 44517 | Orc:1    | Learned a level 5 spell: Silence
 44517 | Orc:1    | Identified the cursed ring of Arrival {rPois rN+ Int+7}
                  | (You acquired it on level 1 of the Orcish Mines)
 44553 | Elf:1    | Entered Level 1 of the Elven Halls
 44751 | Elf:1    | Reached skill level 1 in Summonings
 44780 | Elf:1    | Reached skill level 1 in Air Magic
 45480 | Elf:1    | HP: 1/99 [dire flail of protection (21)]
 45485 | Elf:1    | Mangled by a dire flail of protection
 45486 | Elf:1    | Reached XP level 14. HP: -6/141 MP: 31/31
 46845 | Elf:1    | Reached XP level 15. HP: 58/66 MP: 27/32
 47524 | Elf:1    | Reached skill level 10 in Unarmed Combat
 47700 | Elf:2    | Found a portal to a secret trove of treasure.
 47843 | Elf:2    | Found a radiant altar of Vehumet.
 48107 | Elf:2    | Found a runed gate.
 48108 | Elf:2    | Found an opulent altar of Gozag.
 48108 | Elf:2    | Found Urphavve's Assorted Antiques.
 48109 | Elf:2    | Found a runed gate.
 48109 | Elf:2    | Found a runed gate.
 48406 | Elf:2    | Reached skill level 18 in Dodging
 48861 | Elf:2    | Noticed CasualChangeling's ghost (adept KoBe)
 48862 | Elf:2    | Found Tinowkaill's Assorted Antiques.
 48974 | Elf:2    | Found a runed gate.
 48974 | Elf:2    | Found a runed gate.
 48974 | Elf:2    | Found a runed gate.
 49837 | Elf:2    | You paid a toll of 3 potions of resistance to enter a
                  | treasure trove
 49838 | Trove    | Entered a treasure trove
 49854 | Trove    | Identified the ring of Harmony {rPois rN+ Stlth+}
 50032 | Orc:2    | Bought a scroll of amnesia for 45 gold pieces
 50178 | Snake:1  | Entered Level 1 of the Snake Pit
 50874 | Snake:1  | Reached skill level 19 in Dodging
 51808 | Snake:1  | Paralysed by a floating eye for 3 turns
 51811 | Snake:1  | Shot with an arrow by a naga sharpshooter
 51812 | Snake:1  | Reached XP level 14. HP: -2/63 MP: 28/31
 51937 | Snake:1  | Found a transporter.
 52103 | Snake:1  | Found a transporter.
 52104 | Snake:1  | Noticed Fihig's ghost (adept DEFE)
 52782 | Snake:2  | Noticed a nagaraja
 52810 | Snake:1  | Killed a nagaraja
 53003 | Snake:2  | Noticed Asterion
 53005 | Snake:2  | Noticed a cacodemon
 53008 | Snake:2  | Gained mutation: You tend to lose your temper in combat. [a
                  | cacodemon]
 53009 | Snake:2  | Quit the game

Vault maps used:
D:1:      zelgadis_glass_arrival_large, minmay_pentomino_u2
D:2:      vehumet_crystals, cheibrodos_gnoll_hut, uniq_robin
D:3:      lemuel_castle_with_subvaults, overflow_temple_1_default,
          lemuel_statue_altar
D:4:      lemuel_coloured_pillars_altar, lemuel_doored_altar, first_ration,
          okawaru_altar_gauntlet_db
D:5:      kennysheep_little_box
D:6:      nicolae_ru_awakened_eye, makhleb_blood_cavern_becter, serial_shops,
          shop
D:7:      lemuel_temple_firewalk_b
D:8:      kennysheep_housing_project, nicolae_overflow_hidden_temple,
          enter_bailey_3, serial_shops, nicolae_shop_trees
D:9:      david_lair_shrubbed, orc_0_dummy, serial_shops, shop_fountains,
          blue_anna_alchemist, nicolae_qazlal_eye_of_the_storm
D:10:     serial_shops, kennysheep_mini
D:12:     evilmike_minifort, uniq_psyche, uniq_fannar
D:13:     david_vaults_4, small_chamber_with_monster, nicolae_water_bricks,
          lightli_fourway_metalbox, uniq_urug
D:14:     serial_park_square1, elves_outpost_lemuel
D:15:     gammafunk_depths_entry_grave, minmay_misc_feat_five
Lair:1:   uniq_joseph
Lair:2:   minmay_guarded_unrand_snakebite, lemuel_fruit_fields,
          infiniplex_staircase_pool
Lair:3:   minmay_shoals_entry_beasts, dummy_snake_entry, gammafunk_ghost_grave,
          basic_altar, infiniplex_staircase_pool_2
Lair:4:   statuecave_lemuel, lab_entry_generic
Lair:5:   dpeg_slime_entry_enclosed_altar, ebering_ghost_funeral_grove,
          grunt_megastairs_5, serial_bayou_shore_b
Lair:6:   evil_forest, grunt_forest_small_clearings, wad_woods_01, uniq_sonja
Snake:1:  gammafunk_ghost_arena, serial_bayou_crossing
Snake:2:  serial_bayou_shore_b, minmay_shop_star, basic_stair_grate_trap,
          lemuel_fruit_tree, uniq_asterion
Orc:1:    serial_shops, shop
Orc:2:    st_orc_rangers, uniq_snorg
Elf:1:    serial_corexii_hall, corexii_hall_statues_l,
          corexii_hall_statues_deadend, corexii_hall_statues_i,
          corexii_hall_statues_x, hangedman_corner_corridor
Elf:2:    basic_altar, enter_trove_0, ebering_ghost_gozag,
          nicolae_twisting_strands
Lab:      labyrinth_watery, labyrinth_glass_1, nicolae_lab_do_over,
          nicolae_lab_diamond, labyrinth_skeletal_remains, labyrinth_fake_exit,
          nicolae_lab_checkerboard, nicolae_lab_starburst
Trove:    trove_garden
Bailey:   bailey_axe_3, bailey

Skill      XL: |  1  2  3  4  5  6  7  8  9 10 11 12 13 14 15 |
---------------+----------------------------------------------+-----
Dodging        | 3 4 5 7 8 10 11 13 14 15 16 19 | 19.7
Conjurations   | 4 5 |  5.0
Hexes          | 1 2 3 5 6 8 9 11 12 13 | 13.9
Unarmed Combat | 1 2 3 5 7 9 11 | 11.0
Spellcasting   | 3 4 6 7 8 10 12 | 12.0
Stealth        | 4 7 8 10 13 14 15 17 18 | 18.5
Evocations     | 1 |  1.5
Fighting       | 3 6 8 |  8.0
Translocations | 1 |  1.0
Summonings     | 2 |  2.6
Air Magic      | 1 |  1.3

Action                   |  1- 3 |  4- 6 |  7- 9 | 10-12 | 13-15 || total
-------------------------+-------+-------+-------+-------+-------++-------
Melee: Unarmed           |    31 |    64 |   194 |   352 |   610 ||  1251
       Bite              |     1 |     8 |    15 |    29 |    46 ||    99
       Punch             |       |     1 |     4 |     3 |    14 ||    22
 Cast: Magic Dart        |    93 |   193 |   210 |   115 |     6 ||   617
       Searing Ray       |       |    15 |    21 |     1 |       ||    37
       Dazzling Spray    |       |    15 |    67 |   201 |   756 ||  1039
       Fulminant Prism   |       |       |     4 |    61 |   286 ||   351
       Cause Fear        |       |       |     8 |     1 |     8 ||    17
       Metabolic Englaci |       |       |       |     1 |       ||     1
       Yara's Violent Un |       |       |       |     2 |     2 ||     4
       Summon Lightning  |       |       |       |       |    41 ||    41
       Animate Skeleton  |       |       |       |       |     8 ||     8
       Silence           |       |       |       |       |     2 ||     2
       Blink             |       |       |       |       |     6 ||     6
       Discord           |       |       |       |       |     3 ||     3
       Slow              |       |       |       |       |     2 ||     2
Invok: Curse Item        |       |       |     4 |     1 |     2 ||     7
Evoke: Wand              |       |     6 |    30 |    11 |    40 ||    87
       Phial of floods   |       |       |       |     1 |     4 ||     5
  Use: Scroll            |       |     4 |    10 |     5 |    18 ||    37
       Potion            |       |     1 |     3 |     2 |    13 ||    19
 Stab: Sleeping          |     1 |     1 |     9 |    38 |    45 ||    94
       Distracted        |       |     3 |       |     2 |     9 ||    14
       Invisible         |       |     4 |     9 |    39 |    77 ||   129
  Eat: Chunk             |    11 |    17 |    21 |    33 |    62 ||   144
Armor: Skin              |     3 |     7 |    10 |     7 |    28 ||    55
Dodge: Dodged            |    60 |   122 |   317 |   556 |  1181 ||  2236

Table legend:
 A = Non-vault XP
 B = Vault XP
 C = Vault XP percentage of total XP
 D = Non-vault monster count
 E = Vault monster count
 F = Vault count percentage of total count
                 A         B        C        D         E       F
            +---------+---------+-------+---------+---------+-------
      Total |  136288 |   51111 |  27.3 |     617 |     282 |  31.4
            +---------+---------+-------+---------+---------+-------
        D:1 |      67 |       3 |   4.3 |      28 |       2 |   6.7
        D:2 |     100 |      71 |  41.5 |      15 |      17 |  53.1
        D:3 |     340 |     889 |  72.3 |      40 |      60 |  60.0
        D:4 |     501 |      11 |   2.1 |      12 |       6 |  33.3
        D:5 |     405 |       0 |   0.0 |      15 |       0 |   0.0
        D:6 |     275 |     138 |  33.4 |      10 |       2 |  16.7
        D:7 |     985 |       0 |   0.0 |      15 |       0 |   0.0
        D:8 |    2853 |     717 |  20.1 |      25 |      32 |  56.1
        D:9 |    2552 |     469 |  15.5 |      12 |       2 |  14.3
       D:10 |    3664 |       0 |   0.0 |      22 |       0 |   0.0
       D:11 |    3419 |       0 |   0.0 |      29 |       0 |   0.0
       D:12 |    8169 |    5943 |  42.1 |      50 |      16 |  24.2
       D:13 |    5413 |    4273 |  44.1 |      34 |       9 |  20.9
       D:14 |   11605 |    4340 |  27.2 |      35 |       8 |  18.6
       D:15 |    8550 |    5273 |  38.1 |      17 |       8 |  32.0
     Lair:1 |    3541 |     513 |  12.7 |      13 |       1 |   7.1
     Lair:2 |    1912 |    2154 |  53.0 |      10 |      13 |  56.5
     Lair:3 |    4314 |     767 |  15.1 |      12 |       2 |  14.3
     Lair:4 |    6068 |       0 |   0.0 |      24 |       0 |   0.0
     Lair:5 |    5950 |    1303 |  18.0 |      24 |       6 |  20.0
     Lair:6 |   12525 |    8730 |  41.1 |      27 |      25 |  48.1
    Snake:1 |   15310 |       0 |   0.0 |      31 |       0 |   0.0
    Snake:2 |    1177 |       0 |   0.0 |       3 |       0 |   0.0
      Orc:1 |    1951 |       0 |   0.0 |      20 |       0 |   0.0
      Orc:2 |    4642 |    6955 |  60.0 |      35 |      42 |  54.5
      Elf:1 |   13525 |    3870 |  22.2 |      26 |       8 |  23.5
      Elf:2 |   16475 |    1826 |  10.0 |      33 |       2 |   5.7
        Lab |       0 |     822 | 100.0 |       0 |       5 | 100.0
     Bailey |       0 |    2044 | 100.0 |       0 |      16 | 100.0
            +---------+---------+-------+---------+---------+-------
